 Dungeon Crawl Stone Soup version 0.28.0-45-g0d030f2227 (webtiles) character file.

Game seed: 17133127779376031206

333 Faeu the Skirmisher (level 6, -1/82 HPs)
             Began as a Minotaur Fighter on Apr 3, 2022.
             Was an Initiate of Elyvilon.
             Succumbed to Duvessa's poison
             ... on level 4 of the Dungeon.
             The game lasted 00:12:47 (3418 turns).

Faeu the Skirmisher (Minotaur Fighter)              Turns: 3418, Time: 00:12:47

Health: -1/82      AC: 23    Str: 22 (23) XL:     6   Next: 27%
Magic:  1/5        EV:  2    Int:  2 (5)  God:    Elyvilon [......]
Gold:   240        SH:  4    Dex:  7 (9)  Spells: 5/5 levels left

rFire   . . .      SeeInvis .   a - +1 war axe {axe}
rCold   . . .      Faith    .   c - +0 buckler
rNeg    . . .      Spirit   +   (armour currently unavailable)
rPois   +          Reflect  .   (helmet currently unavailable)
rElec   .          Harm     .   (cloak currently unavailable)
rCorr   .          Rampage  .   (gloves currently unavailable)
Will    .....      NoTele   +   (boots currently unavailable)
Stlth   +.........              r - amulet of guardian spirit
HPRegen 0.23/turn               (no ring)
MPRegen 0.09/turn               (no ring)

@: mighty, lethally poisoned (-1 -> -18), tree-form
A: stationary, stasis, torment immunity, boosted hp, (horns 2), (retaliatory
headbutt)
a: Renounce Religion


You were on level 4 of the Dungeon.
You worshipped Elyvilon.
Elyvilon was noncommittal.
You were a tree.
You visited 2 branches of the dungeon, and saw 5 of its levels.

You collected 240 gold pieces.


Innate Abilities, Weirdness & Mutations

You are a tree.
Your roots penetrate the ground, keeping you stationary.
You cannot be teleported.
You are immune to unholy pain and torment.
Your maximum health is greatly increased.
Your equipment is partially melded.
((You have a pair of horns on your head.))
((You reflexively headbutt those who attack you in melee.))


   Skills:
 + Level 4.9 Fighting
 + Level 3.8 Axes
 + Level 2.1 Throwing
 + Level 4.7 Armour
 + Level 2.5 Dodging
 + Level 4.8 Shields


You had 5 spell levels left.
You didn't know any spells.
Your spell library contained the following spells:

 Spells                   Type           Power      Damage    Failure   Level
 Summon Small Mammal      Summ           0%         N/A       63%         1
 Call Canine Familiar     Summ           0%         N/A       94%         3
 Ignite Poison            Fire/Tmut/Pois 0%         N/A       94%         3
 Mephitic Cloud           Conj/Pois/Air  0%         N/A       94%         3
 Summon Guardian Golem    Hex/Summ       0%         N/A       94%         3
 Freezing Cloud           Conj/Ice/Air   0%         6-21      100%        5

Inventory:

Hand Weapons
 a - a +1 war axe (weapon) {axe}
 b - a +0 whip of pain {mace}
   (You found it on level 3 of the Dungeon)
Missiles
 j - 5 poisoned darts (quivered) {throwing}
Armour
 c - a +0 buckler (worn)
 g - a +1 pair of gloves (melded)
   (You found it on level 1 of the Dungeon)
 s - a +0 pair of boots (melded)
   (You found it on level 3 of the Dungeon)
 t - a +2 ring mail of poison resistance (melded)
   (You took it off Terence on level 4 of the Dungeon)
Jewellery
 r - an amulet of guardian spirit (around neck)
   (You found it on level 3 of the Dungeon)
Scrolls
 f - a scroll of identify {@r1}
 i - 2 scrolls of fog
 p - a scroll of amnesia {unknown}
 u - a scroll of enchant armour {unknown}
 v - a scroll of blinking {unknown}
Potions
 d - a potion of might
 k - a potion of lignification {!q}
 l - a potion of ambrosia {unknown}
 n - a potion of attraction {unknown}

Dungeon Overview and Level Annotations

Branches:
Dungeon (4/15)             Temple (1/1) D:4

Altars:
Elyvilon
Yredelemnul

Annotations:
D:4 Duvessa

>.(..........#.#.... #
.............#(###.. #.#
............##...###...
............#..[.....#.#
....[......##..>).##...#
<).รท(....#........#..#
...........###..o##.##
.............###e# #
...............#โ™ฃ#
....#..............#####.#
..####.#.###.#..#......#.##
..####.#.###.##...#.......##
......>......................
#.###..#.###.####............
#.###.........###........#...
#.##.........................
#.##.####.##.....).........##


You could see Duvessa (berserk) and an orc.


Message History

You closely miss Dowan. You barely miss the orc.
The orc hits you but does no damage. Dowan closely misses you.
You furiously retaliate!
You headbutt Dowan, but do no damage.
The orc hits you with a +0 hand axe. ๐Ÿ˜• HP[-4]
You take 4 damage, and now have 48/55 hp.
You closely miss Dowan. Your headbutt misses Dowan. You slash the orc!
You kill the orc!
Dowan hits you but does no damage. x2 ๐Ÿ˜• HP[+1]
You hit Dowan but do no damage.
Dowan hits you with a +1 dagger of electrocution. ๐Ÿ˜• HP[-4]
You take 4 damage, and now have 45/55 hp.
You barely miss Dowan.
Dowan hits you with a +1 dagger of electrocution. ๐Ÿ˜ฎ HP[-4]
You take 4 damage, and now have 41/55 hp.
You miss Dowan. Your headbutt misses Dowan. Dowan hits you but does no damage.
You block Dowan's attack.
You slash Dowan! You headbutt Dowan.
Dowan hits you but does no damage. ๐Ÿ˜• HP[+1]
You slash Dowan!
You kill Dowan!
Duvessa goes berserk!
You climb downwards.
Welcome back to the Ecumenical Temple!
There is a staircase back to the Dungeon here.
You start resting.
Your hearing returns.
HP restored. ๐Ÿ˜Ž HP[+13]
You climb upwards.
Welcome back to the Dungeon!
Level annotation: Duvessa
There is a staircase to the Ecumenical Temple, spattered with blood here.
You throw a poisoned dart {throwing}.
The poisoned dart {throwing} closely misses Duvessa.
Duvessa rages.
Duvessa hits you with a +1 short sword of venom.
You are poisoned. ๐Ÿ˜• HP[-6]
You take 6 damage, and now have 49/55 hp.
You slash Duvessa!
You feel very sick.
Duvessa hits you with a +1 short sword of venom.
Duvessa hits you with a +1 short sword of venom!
* * * LOW HITPOINT WARNING * * *
You are lethally poisoned! ๐Ÿ˜จ HP[-25] MP[-2]
You take 25 damage, and now have 24/55 hp.
MASSIVE DAMAGE!! (PAUSE)
You lost 2 mp, and now have 3/5 mp.
There is a lethal amount of poison in your body!
You turn into a tree.
Your +1 pair of gloves melds into your body.
Your +0 pair of boots melds into your body.
Your +2 ring mail of poison resistance melds into your body.
You no longer feel resistant to poison.
Your roots penetrate the ground.
* * * LOW HITPOINT WARNING * * *
You feel extremely sick.
Duvessa hits you with a +1 short sword of venom.
* * * LOW HITPOINT WARNING * * *
๐Ÿ˜จ HP[+2]
You now have 82 max hp (+27).
You regained 2 hp, and now have 26/82 hp.
You closely miss Duvessa.
* * * LOW HITPOINT WARNING * * *
You feel extremely sick. Duvessa hits you but does no damage. x2
You are more poisoned. ๐Ÿ˜ฑ HP[-8]
You take 8 damage, and now have 18/82 hp.
You feel very mighty all of a sudden.
* * * LOW HITPOINT WARNING * * *
You feel very sick. You block Duvessa's attack.
Duvessa hits you but does no damage. ๐Ÿ˜ฑ HP[-6]
You take 6 damage, and now have 12/82 hp.
There is a lethal amount of poison in your body!
You feel better.
Duvessa hits you with a +1 short sword of venom.
* * * LOW HITPOINT WARNING * * *
๐Ÿ˜ฑ HP[+8]
You regained 8 hp, and now have 20/82 hp.
You hit Duvessa. Duvessa hits you but does no damage.
You block Duvessa's attack. ๐Ÿ˜จ HP[+1]
You closely miss Duvessa. Duvessa hits you but does no damage. x2
You are poisoned.
You slash Duvessa!
You feel very sick.
Duvessa hits you with a +1 short sword of venom!
* * * LOW HITPOINT WARNING * * *
You are more poisoned.
You block Duvessa's attack. ๐Ÿ˜ฑ HP[-18] MP[-2]
You take 18 damage, and now have 3/82 hp.
MASSIVE DAMAGE!! (PAUSE)
You lost 2 mp, and now have 1/5 mp.
You slash Duvessa!
You die...

Skill      XL: |  1  2  3  4  5 |
---------------+----------------+-----
Shields        | 4 |  4.8
Fighting       | 4 |  4.9
Dodging        | 1 2 |  2.5
Armour         | 4 |  4.7
Throwing       | 1 2 |  2.1
Axes           | 3 |  3.8

Action                   |  1- 3 |  4- 6 || total
-------------------------+-------+-------++-------
Melee: War axe           |    61 |    58 ||   119
       Headbutt          |    10 |     8 ||    18
Throw: Dart              |       |     1 ||     1
  Use: Potion            |       |     6 ||     6
       Scroll            |       |     4 ||     4
 Stab: Distracted        |       |     1 ||     1
Armor: Scale mail        |    37 |    12 ||    49
       Ring mail         |       |    29 ||    29
       Skin              |       |     6 ||     6
Dodge: Dodged            |    31 |    30 ||    61
Block: Buckler           |    12 |    16 ||    28

Levels and vault maps discovered:
D:1:      minmay_arrival_four_loops, layout_basic, st_stairs_4
D:2:      layout_rooms, nicolae_ecumenical_oubliette, serial_bayou,
          serial_bayou_pond_d, serial_bayou_lake_a, serial_bayou_lagoon_a,
          serial_bayou_shore_b, serial_bayou_pond_a, serial_bayou_shore_a,
          uniq_crazy_yiuf_cottage
D:3:      layout_loops_ring, chequers_serial_rivers_large_a, minmay_circle_x,
          uniq_terence
D:4:      layout_rooms, minmay_temple_entry_slanted, minmay_pentangle,
          uniq_duvessa
Temple:   minmay_crystal_snake_temple

Notes
Turn   | Place    | Note
-------+----------+-------------------------------------------
     0 | D:1      | Faeu the Minotaur Fighter began the quest for the Orb.
     0 | D:1      | Reached XP level 1. HP: 19/19 MP: 0/0
     0 | D:1      | magus.rc [v1.9.6]
    87 | D:1      | You pick up a book of Callings and begin reading...
    87 | D:1      | You add the spells Summon Small Mammal, Call Canine
                  | Familiar and Summon Guardian Golem to your library.
   498 | D:1      | Reached XP level 2. HP: 27/27 MP: 1/1
   880 | D:2      | Reached skill level 4 in Shields
  1154 | D:2      | Reached skill level 4 in Fighting
  1154 | D:2      | Reached skill level 1 in Dodging
  1154 | D:2      | Reached XP level 3. HP: 16/33 MP: 2/2
  1325 | D:2      | Reached skill level 4 in Armour
  1373 | D:2      | Reached skill level 1 in Throwing
  1596 | D:2      | Found a faded altar of an unknown god.
  1606 | D:2      | Reached skill level 3 in Axes
  1860 | D:2      | You add the spells Ignite Poison, Mephitic Cloud and
                  | Freezing Cloud to your library.
  2253 | D:3      | Noticed Terence
  2268 | D:4      | Reached XP level 4. HP: 27/40 MP: 1/3
  2271 | D:4      | Killed Terence
  2629 | D:3      | Reached XP level 5. HP: 47/47 MP: 4/4
  2638 | D:3      | Noticed an ogre
  2644 | D:3      | Killed an ogre
  2645 | D:3      | Reached skill level 2 in Dodging
  2653 | D:3      | Reached skill level 2 in Throwing
  2653 | D:3      | Reached XP level 6. HP: 36/55 MP: 3/5
  3262 | D:4      | Noticed Dowan
  3262 | D:4      | Noticed Duvessa
  3266 | D:4      | Found a staircase to the Ecumenical Temple.
  3281 | Temple   | Entered the Ecumenical Temple
  3288 | Temple   | Became a worshipper of Elyvilon the Healer
  3332 | D:4      | Killed Dowan
  3412 | D:4      | HP: 18/82 [poisoned by Duvessa]
  3417 | D:4      | HP: 18/82 [poisoned by Duvessa]
  3417 | D:4      | HP: 3/82 [Duvessa/+1 short sword of venom (15)]
  3418 | D:4      | Succumbed to Duvessa's poison

Vanquished Creatures
  An ogre (D:3)
  A water moccasin zombie (D:3)
  Dowan (D:4)
  A hound (D:4)
  Terence (D:4)
  3 adders (D:2)
  2 worms (D:2)
  2 dart slugs (D:3)
  An orc (D:4)
  3 endoplasms
  5 giant cockroaches
  3 goblins
  7 hobgoblins
  A jackal (D:3)
  8 kobolds
  4 ball pythons
  5 bats
  2 frilled lizards (D:2)
  3 rats
54 creatures vanquished.

Vanquished Creatures (others)
  2 plants (D:2)
2 creatures vanquished.

Grand Total: 56 creatures vanquished

Table legend:
 A = Non-vault XP
 B = Vault XP
 C = Vault XP percentage of total XP
 D = Non-vault monster count
 E = Vault monster count
 F = Vault count percentage of total count
                 A         B        C        D         E       F
            +---------+---------+-------+---------+---------+-------
      Total |     244 |     232 |  48.7 |      47 |       7 |  13.0
            +---------+---------+-------+---------+---------+-------
        D:1 |      17 |       1 |   5.6 |      10 |       1 |   9.1
        D:2 |      70 |       0 |   0.0 |      18 |       0 |   0.0
        D:3 |     106 |     122 |  53.5 |      14 |       4 |  22.2
        D:4 |      51 |     109 |  68.1 |       5 |       2 |  28.6
            +---------+---------+-------+---------+---------+-------

Illustrated notes

Table legend:
 A = Kills in this place as a percentage of kills in entire the game.
 B = Kills by you in this place as a percentage of kills by you in the entire game.
 C = Kills by friends in this place as a percentage of kills by friends in the entire game.
 D = Other kills in this place as a percentage of other kills in the entire game.
 E = Experience gained in this place as a percentage of experience gained in the entire game.
 F = Experience gained in this place divided by the number of levels of this place that you have seen.
                   A       B       C       D       E      F
               +-------+-------+-------+-------+-------+----------------------
         Total | 100.0 | 100.0 |   N/A |   N/A | 100.0 |  95.2
       Dungeon | 100.0 | 100.0 |   N/A |   N/A | 100.0 | 119.0
               +-------+-------+-------+-------+-------+----------------------

Table legend: (Time is in decaauts)
 A = Elapsed time spent in this place.
 B = Non-inter-level travel time spent in this place.
 C = Inter-level travel time spent in this place.
 D = Time resting spent in this place.
 E = Time spent auto-exploring this place.
 F = Levels seen in this place.
 G = Mean time per level.
                   A        B        C        D        E       F      G
               +--------+--------+--------+--------+--------+-----+--------+
         Total |   3531 |   3393 |    138 |    502 |   2010 |   5 |  706.2 |
       Dungeon |   3416 |   3278 |    138 |    412 |   2010 |   4 |  854.0 |
        Temple |    114 |    114 |      0 |     90 |      0 |   1 |  114.0 |
               +--------+--------+--------+--------+--------+-----+--------+

Top non-repeatable levels by time:
     D:2: 1242 daAuts
     D:3: 1028 daAuts
     D:1: 870 daAuts
     D:4: 275 daAuts
  Temple: 114 daAuts
